 Dungeon Crawl Stone Soup version 0.30-a0-883-g5ad918d77d (webtiles) character file.

Game seed: 14141199568546045517

1971 Darkkill the Shooter (level 9, -6/79 HPs)
             Began as a Minotaur Hunter on Mar 15, 2023.
             Was an Initiate of Gozag.
             Mangled by an unseen horror (7 damage)
             ... on level 5 of the Dungeon.
             The game lasted 00:13:15 (5448 turns).

Darkkill the Shooter (Minotaur Hunter)              Turns: 5448, Time: 00:13:16

Health: -6/79      AC:  8    Str: 17    XL:     9   Next: 0%
Magic:  8/8        EV: 15    Int:  6    God:    Gozag
Gold:   196        SH:  0    Dex: 17    Spells: 8/8 levels left

rFire   . . .      SeeInvis .    a - +0 shortbow
rCold   . . .      Faith    .    (shield currently unavailable)
rNeg    . . .      Spirit   .    c - +0 leather armour
rPois   .          Reflect  .    (helmet restricted)
rElec   .          Rampage  .    i - +0 cloak
rCorr   .                        (no gloves)
Will    .....                    (no boots)
Stlth   +++                      (no amulet)
HPRegen 0.33/turn                v - +4 ring of protection
MPRegen 0.11/turn                (no ring)

@: mighty, brilliant
A: horns 2, retaliatory headbutt
a: Renounce Religion, Potion Petition, Call Merchant, Bribe Branch


You were on level 5 of the Dungeon.
You worshipped Gozag.
Gozag was aware of your devotion.
You visited 1 branch of the dungeon, and saw 5 of its levels.

You collected 1692 gold pieces.
You paid 1496 gold pieces to Gozag.

Inventory:

Hand Weapons
 a - a +0 shortbow (weapon)
Missiles
 d - 11 poisoned darts
 f - 32 stones
 k - 2 curare-tipped darts {=f !f}
 q - 4 boomerangs
 y - a throwing net {=f !f}
Armour
 c - a +0 leather armour (worn)
 i - a +0 cloak (worn)
 w - a +0 pair of gloves
Jewellery
 s - a ring of ice
 v - a +4 ring of protection (left hand)
Wands
 t - a wand of flame (9)
Scrolls
 b - a scroll of immolation
 l - a scroll of butterflies
 r - 2 scrolls of amnesia
Potions
 e - a potion of cancellation
 g - 3 potions of attraction
 h - 3 potions of flight
 m - 2 potions of mutation
 n - a potion of invisibility
 p - a potion of might
 u - a potion of heal wounds {unknown}


   Skills:
 + Level 7.4 Fighting
 + Level 7.8 Ranged Weapons
 + Level 6.7 Dodging
 + Level 5.2 Stealth


You had 8 spell levels left.
You didn't know any spells.
Your spell library contained the following spells:

 Spells                   Type           Power      Damage    Failure   Level
 Blink                    Tloc           0%         N/A       67%         2
 Lesser Beckoning         Tloc           0%         N/A       67%         2
 Momentum Strike          Conj/Tloc      0%         3d8       67%         2
 Haunt                    Necr/Summ      0%         N/A       100%        7
 Infestation              Necr           0%         N/A       100%        8
 Animate Dead             Necr           Unusable   N/A       N/A         4

Dungeon Overview and Level Annotations

Branches:
Dungeon (5/15)             Temple (0/1) D:5

Altars:
Gozag

Shops:
D:4 (   D:5 ?(*

Annotations:
D:3 2 transporters
D:5 2 runed translucent doors


Innate Abilities, Weirdness & Mutations

You have a pair of horns on your head.
You reflexively headbutt those who attack you in melee.


Message History

[c] - 418 gold - haste, brilliance and heal wounds Purchase which effect? [a] - 216 gold - might and brilliance [b] - 250 gold - resistance [c] - 418 gold - haste, brilliance and heal wounds Purchase which effect? [a] - 216 gold - might and brilliance [b] - 250 gold - resistance [c] - 418 gold - haste, brilliance and heal wounds Purchase which effect? [a] - 216 gold - might and brilliance [b] - 250 gold - resistance [c] - 418 gold - haste, brilliance and heal wounds Purchase which effect? [a] - 216 gold - might and brilliance [b] - 250 gold - resistance [c] - 418 gold - haste, brilliance and heal wounds Purchase which effect? [a] - 216 gold - might and brilliance [b] - 250 gold - resistance [c] - 418 gold - haste, brilliance and heal wounds Purchase which effect? [a] - 216 gold - might and brilliance [b] - 250 gold - resistance [c] - 418 gold - haste, brilliance and heal wounds Purchase which effect? [a] - 216 gold - might and brilliance [b] - 250 gold - resistance [c] - 418 gold - haste, brilliance and heal wounds Purchase which effect? [a] - 216 gold - might and brilliance [b] - 250 gold - resistance [c] - 418 gold - haste, brilliance and heal wounds Purchase which effect? [a] - 216 gold - might and brilliance [b] - 250 gold - resistance [c] - 418 gold - haste, brilliance and heal wounds Purchase which effect?
Something hits you.
* * * LOW HITPOINT WARNING * * *
Level annotation: 2 runed translucent doors Welcome back, Darkkill the Minotaur Hunter.
Gozag says: Greed is good.
Press ? for a list of commands and other information. [a] - 216 gold - might and brilliance [b] - 250 gold - resistance [c] - 418 gold - haste, brilliance and heal wounds Purchase which effect? [a] - 216 gold - might and brilliance [b] - 250 gold - resistance [c] - 418 gold - haste, brilliance and heal wounds Purchase which effect? [a] - 216 gold - might and brilliance [b] - 250 gold - resistance [c] - 418 gold - haste, brilliance and heal wounds Purchase which effect? [a] - 216 gold - might and brilliance [b] - 250 gold - resistance [c] - 418 gold - haste, brilliance and heal wounds Purchase which effect? [a] - 216 gold - might and brilliance [b] - 250 gold - resistance [c] - 418 gold - haste, brilliance and heal wounds Purchase which effect?
You no longer have enough gold to petition Gozag for potion effects.
You feel very mighty all of a sudden.
You feel clever all of a sudden.
Aiming: Mindburst
Press: ? - help, Q - select action, (/) - cycle Shift-Dir - straight line Nothing appears to happen.
Something closely misses you. Something hits you but does no damage.
Deactivating autopickup; reactivate with Ctrl-A.
Something hits you.
* * * LOW HITPOINT WARNING * * *
Aiming: Mindburst
Press: ? - help, Q - select action, (/) - cycle Shift-Dir - straight line Something's mind is blasted!
Something hits you.
* * * LOW HITPOINT WARNING * * *
Aiming: Mindburst
Press: ? - help, Q - select action, (/) - cycle Shift-Dir - straight line Nothing appears to happen.
Something hits you but does no damage.
Aiming: Mindburst
Press: ? - help, Q - select action, (/) - cycle Shift-Dir - straight line Nothing appears to happen.
Something barely misses you.
Aiming: Mindburst
Press: ? - help, Q - select action, (/) - cycle Shift-Dir - straight line Something's mind is blasted!
The now-empty wand crumbles to dust.
Something hits you.
* * * LOW HITPOINT WARNING * * *
Aiming: Throw Flame
Press: ? - help, Q - select action, (/) - cycle Shift-Dir - straight line, f - you
Okay, then.
Aiming: Paralyse
Press: ? - help, Q - select action, (/) - cycle Shift-Dir - straight line Nothing appears to happen.
The now-empty wand crumbles to dust.
Something hits you!
You die...
Your body crumbles into a pile of gold.

#...# #).##++##.'.#.##.#.# ###.#
#)##8..8#######).#.# #.#
#)#8....8# #)...##.# #.#
#)#[....|# ######..# #.#
#.#)?...?# ######..# ##.##
#.#8....8# #..#.##.. #.#.#
#.##8).8#####.##.#.. ##.##
#..##'$##.'.##.#.#.. #.#
##.@{.....##.#...#.. #.#
#.#.####.#.####.#.. #.##
#...####.##∩...##.. ####
#..#####........######... ...###
#.#...................... .#...#
#..#.#.#.#...#.#..##.#...
#.#..####............#.#.###....#
.#.)...#####.#.#..>#.#.#.##......
.....#.# #.#.#...#.#.#.##.##..#


There were no monsters in sight!

Vanquished Creatures
  Grinder (D:4)
  A yak (D:5)
  3 black bears
  An ogre (D:5)
  An ice beast (D:5)
  2 centaurs (D:5)
  A phantom (D:2)
  A gnoll sergeant (D:4)
  A scorpion (D:4)
  4 hounds (D:5)
  2 sleepcaps
  A gnoll bouda (D:5)
  An orc priest (D:5)
  A jelly (D:5)
  Ijyb (D:4)
  7 iguanas (D:5)
  3 orc wizards
  10 gnolls
  7 adders
  2 white imps (D:5)
  3 worms
  7 dart slugs
  10 orcs
  6 endoplasms
  4 giant cockroaches
  6 goblins
  9 hobgoblins
  4 kobolds
  5 quokkas
  10 ball pythons
  8 bats
  A frilled lizard (D:2)
  3 rats
127 creatures vanquished.

Notes
Turn   | Place    | Note
-------+----------+-------------------------------------------
     0 | D:1      | Darkkill the Minotaur Hunter began the quest for the Orb.
     0 | D:1      | Reached XP level 1. HP: 18/18 MP: 0/0
    67 | D:1      | Reached skill level 1 in Stealth
    70 | D:1      | Reached XP level 2. HP: 25/25 MP: 1/1
   427 | D:1      | Reached XP level 3. HP: 31/31 MP: 2/2
   707 | D:2      | Noticed a phantom
   717 | D:2      | Killed a phantom
   718 | D:2      | Reached skill level 5 in Ranged Weapons
   718 | D:2      | Reached XP level 4. HP: 34/39 MP: 3/3
   824 | D:2      | Identified a scroll of acquirement
   824 | D:2      | Acquired 1185 gold pieces
  1248 | D:2      | Reached XP level 5. HP: 46/46 MP: 4/4
  1822 | D:3      | Found a transporter.
  1851 | D:3      | Found a transporter.
  2312 | D:4      | Noticed a black bear
  2320 | D:4      | HP: 7/46 [black bear (8)]
  2320 | D:4      | Killed a black bear
  2321 | D:4      | Reached XP level 6. HP: 8/53 MP: 5/5
  2495 | D:4      | Found Pevoas's Weapon Shoppe.
  2618 | D:4      | Noticed Grinder
  2630 | D:4      | Paralysed by Grinder for 2 turns
  2635 | D:4      | HP: 7/53 [Grinder/nerve-wracking pain (12)]
  2636 | D:4      | Paralysed by Grinder for 2 turns
  2640 | D:4      | HP: 3/53 [poisoned by a scorpion]
  2660 | D:4      | HP: 6/53 [scorpion (2)]
  3172 | D:4      | Noticed Ijyb
  3185 | D:4      | Killed Ijyb
  3235 | D:4      | Reached skill level 5 in Fighting
  3359 | D:4      | Killed Grinder
  3360 | D:4      | Reached XP level 7. HP: 54/61 MP: 6/6
  3406 | D:4      | Found an opulent altar of Gozag.
  3537 | D:4      | Reached skill level 5 in Dodging
  3828 | D:4      | Became a worshipper of Gozag Ym Sagoz the Greedy
  3940 | D:5      | Entered Level 5 of the Dungeon
  4212 | D:5      | Reached XP level 8. HP: 29/70 MP: 7/7
  4377 | D:5      | Found a staircase to the Ecumenical Temple.
  4702 | D:5      | Found Loxzurch's Magic Scroll Shop.
  4848 | D:5      | Found a large runed translucent door.
  4848 | D:5      | Found a large runed translucent door.
  5024 | D:5      | Found a large runed translucent door.
  5024 | D:5      | Found a large runed translucent door.
  5047 | D:5      | Reached skill level 5 in Stealth
  5420 | D:5      | Reached XP level 9. HP: 29/79 MP: 8/8
  5439 | D:5      | HP: 12/79 [something (9)]
  5444 | D:5      | HP: 5/79 [something (2)]
  5447 | D:5      | HP: 1/79 [something (5)]
  5448 | D:5      | Mangled by an unseen horror

Illustrated notes

Levels and vault maps discovered:
D:1:      psy_arrival_basics, layout_basic
D:2:      layout_basic, dk_vineyard_3, minmay_quantized
D:3:      gammafunk_wand_slinger, layout_loops_cross, minmay_bisected
D:4:      layout_basic, lemuel_tele_altar, serial_shops, nicolae_square_shop,
          lightli_minifort, uniq_ijyb, uniq_grinder
D:5:      layout_loops_cross, minmay_temple_entry_wispy, serial_shops, shop,
          hangedman_decor_slide_cut, minmay_hollow_rounded_squares

Skill      XL: |  1  2  3  4  5  6  7  8 |
---------------+-------------------------+-----
Stealth        | 1 2 3 4 5 |  5.2
Fighting       | 3 4 5 6 7 |  7.4
Ranged Weapons | 5 6 7 |  7.8
Dodging        | 3 4 5 6 |  6.7

Action                     |  1- 3 |  4- 6 |  7- 9 || total
---------------------------+-------+-------+-------++-------
   Fire: Shortbow          |    73 |   190 |   219 ||   482
 Invoke: Call Merchant     |       |       |     2 ||     2
         Potion Petition   |       |       |     1 ||     1
  Evoke: Wand              |       |     2 |    20 ||    22
    Use: Scroll            |     2 |    15 |     3 ||    20
         Potion            |       |       |     3 ||     3
 Armour: Leather armour    |     4 |    45 |    40 ||    89
  Dodge: Dodged            |    13 |    77 |    95 ||   185

Table legend: (Time is in decaauts)
 A = Elapsed time spent in this place.
 B = Non-inter-level travel time spent in this place.
 C = Inter-level travel time spent in this place.
 D = Time resting spent in this place.
 E = Time spent auto-exploring this place.
 F = Levels seen in this place.
 G = Mean time per level.
                   A        B        C        D        E       F      G
               +--------+--------+--------+--------+--------+-----+--------+
         Total |   5558 |   5204 |    354 |    103 |   4138 |   5 | 1111.6 |
       Dungeon |   5558 |   5204 |    354 |    103 |   4138 |   5 | 1111.6 |
               +--------+--------+--------+--------+--------+-----+--------+

Top non-repeatable levels by time:
     D:4: 1697 daAuts
     D:5: 1544 daAuts
     D:2: 963 daAuts
     D:1: 696 daAuts
     D:3: 655 daAuts

Table legend:
 A = Kills in this place as a percentage of kills in the entire game.
 B = Kills by you in this place as a percentage of kills by you in the entire game.
 C = Kills by friends in this place as a percentage of kills by friends in the entire game.
 D = Other kills in this place as a percentage of other kills in the entire game.
 E = Experience gained in this place as a percentage of experience gained in the entire game.
 F = Experience gained in this place divided by the number of levels of this place that you have seen.
                   A       B       C       D       E      F
               +-------+-------+-------+-------+-------+----------------------
         Total | 100.0 | 100.0 |   N/A |   N/A | 100.0 | 563.2
       Dungeon | 100.0 | 100.0 |   N/A |   N/A | 100.0 | 563.2
               +-------+-------+-------+-------+-------+----------------------
